 Dungeon Crawl Stone Soup version 0.26-b1-32-g5d43845318 (webtiles) character file.

Game seed: 840496473674774300

194 inmateoo the Insei (level 6, -1/36 HPs)
             Began as a Kobold Transmuter on Jan 13, 2021.
             Slain by Pikel
             ... wielding a +2 whip of electrocution
              (6 damage)
             ... on level 4 of the Dungeon.
             The game lasted 00:05:31 (4211 turns).

inmateoo the Insei (Kobold Transmuter)              Turns: 4211, Time: 00:05:31

Health: -1/36      AC:  5    Str:  7    XL:     6   Next: 3%
Magic:  6/10       EV: 16    Int: 16    God:
Gold:   210        SH:  0    Dex: 16    Spells: 4/10 levels left

rFire    . . .     SeeInvis +     - Unarmed
rCold    . . .     Faith    .   (shield restricted)
rNeg     . . .     Spirit   .   a - +1 robe
rPois    .         Reflect  .   j - +0 helmet
rElec    .         Harm     .   f - +0 cloak
rCorr    .         Rampage  .   (no gloves)
Will     .....                  (no boots)
Stlth    +++.......             (no amulet)
HPRegen  0.12/turn              b - ring of see invisible
MPRegen  0.12/turn              (no ring)

@: no status effects
A: small, nightstalker 3
a: no special abilities


You were on level 4 of the Dungeon.
You visited 1 branch of the dungeon, and saw 4 of its levels.

You collected 210 gold pieces.

Inventory:

Missiles
 g - 6 boomerangs
Armour
 a - a +1 robe (worn)
 f - a +0 cloak (worn)
 j - a +0 helmet (worn)
Jewellery
 b - a ring of see invisible (left hand)
 i - an uncursed ring of fire
Scrolls
 c - 3 scrolls of teleportation
 h - 4 scrolls of identify
Potions
 d - 2 potions of heal wounds
 k - a potion of mutation {unknown}
 l - a potion of curing {unknown}


   Skills:
 + Level 2.4 Fighting
 + Level 3.5 Dodging
 + Level 3.1 Stealth
 + Level 3.6 Unarmed Combat
 + Level 2.9 Spellcasting
 + Level 2.8 Transmutations
 + Level 0.7 Poison Magic


You had 4 spell levels left.
You knew the following spells:

 Your Spells              Type           Power        Failure   Level
a - Beastly Appendage     Tmut           22%          6%          1
b - Wereblood             Tmut           11%          9%          2
c - Spider Form           Tmut/Pois      4%           26%         3

Your spell library contained the following spells:

 Spells                   Type           Power        Failure   Level
 Ice Form                 Ice/Tmut       6%           71%         4
 Blade Hands              Tmut           5%           85%         5


Dungeon Overview and Level Annotations

Branches:
Dungeon (4/15)
 Temple: D:4-7

Altars:
Gozag
Vehumet
Zin

Annotations:
D:4 Pikel


Innate Abilities, Weirdness & Mutations

You are small and have problems with some larger weapons.
You are completely attuned to the shadows.


Message History

You barely miss the lemure.
The lemure is lightly wounded.
You hit Pikel but do no damage.
Pikel is poisoned.
You hit Pikel but do no damage.
Pikel is lightly wounded.
Pikel misses you.
You hit Pikel but do no damage.
Pikel looks as sick as possible!
Pikel is lightly wounded.
Your transformation has ended.
Your +0 cloak unmelds from your body.
Your +0 helmet unmelds from your body.
Your +1 robe unmelds from your body.
Pikel closely misses you.
You barely miss Pikel.
Pikel is lightly wounded.
Pikel hits you with a +2 whip of electrocution!
* * * LOW HITPOINT WARNING * * *
As you read the scroll of fear, it crumbles to dust.
You assume a fearsome visage.
Pikel resists with some effort.
The lemure is unaffected. x2
Pikel hits you with a +2 whip of electrocution.
You die...

..........
..........
..........
..[..Z...=
....#5....
#####l#### #5#
#K## #.@# ##.##
#.# #..#### #.#
##....< #.#
#.....# ####.####
#...(.###........
#.....#...##.####
#.......####.#
#.....### #.#


You could see Pikel (very poisoned), 2 lemures and a frilled lizard.

Vanquished Creatures
  A lemure (D:4)
  Robin (D:4)
  4 gnolls (D:3)
  3 adders (D:2)
  3 worms
  3 dart slugs
  5 leopard geckos
  3 orcs (D:3)
  6 giant cockroaches
  12 goblins
  15 hobgoblins
  4 jackals
  14 kobolds
  2 quokkas
  4 bats
  A frilled lizard (D:2)
  7 rats
88 creatures vanquished.

Notes
Turn   | Place    | Note
-------+----------+-------------------------------------------
     0 | D:1      | inmateoo the Kobold Transmuter began the quest for the Orb.
     0 | D:1      | Reached XP level 1. HP: 12/12 MP: 3/3
   308 | D:1      | Reached XP level 2. HP: 16/16 MP: 3/5
   341 | D:1      | Reached skill level 1 in Stealth
   793 | D:1      | Reached XP level 3. HP: 20/20 MP: 4/6
   796 | D:1      | Learned a level 2 spell: Wereblood
   800 | D:1      | Learned a level 3 spell: Spider Form
  1500 | D:2      | Found a radiant altar of Vehumet.
  1548 | D:2      | Reached XP level 4. HP: 19/26 MP: 7/7
  2464 | D:2      | Found an opulent altar of Gozag.
  2465 | D:2      | Found a glowing silver altar of Zin.
  2787 | D:3      | Reached XP level 5. HP: 25/30 MP: 7/9
  4006 | D:4      | Noticed Robin
  4027 | D:4      | Killed Robin
  4028 | D:4      | Reached XP level 6. HP: 24/36 MP: 3/10
  4188 | D:4      | Noticed Pikel
  4211 | D:4      | Slain by Pikel

Illustrated notes

Levels and vault maps discovered:
D:1:      dpeg_arrival_oval, layout_rooms
D:2:      minmay_diamond_boxcup, layout_loops_corners,
          grunt_temple_overflow_gold_and_silver, vehumet_crystals
D:3:      layout_basic
D:4:      layout_rooms, general_overflow_altar, uniq_pikel, uniq_robin

Skill      XL: |  1  2  3  4  5 |
---------------+----------------+-----
Stealth        | 1 2 3 |  3.1
Dodging        | 3 |  3.5
Fighting       | 2 |  2.4
Unarmed Combat | |  3.6
Spellcasting   | |  2.9
Transmutations | |  2.8
Poison Magic   | |  0.7

Action                   |  1- 3 |  4- 6 || total
-------------------------+-------+-------++-------
Melee: Unarmed           |    96 |   177 ||   273
       Kick              |    15 |    12 ||    27
       Headbutt          |     9 |     7 ||    16
       Punch             |     1 |     4 ||     5
 Cast: Beastly Appendage |    20 |    15 ||    35
       Wereblood         |     1 |     2 ||     3
       Spider Form       |       |     5 ||     5
  Use: Scroll            |     3 |     7 ||    10
 Stab: Sleeping          |    14 |    14 ||    28
Armor: Robe              |    11 |    16 ||    27
       Skin              |       |     1 ||     1
Dodge: Dodged            |    53 |    98 ||   151
